 Dungeon Crawl Stone Soup version 0.20.1-1-g8b1a95d (webtiles) character file.

30006 Lanoc the Blocker (level 13, -6/104 HPs)
             Began as a Formicid Fighter on Dec 13, 2017.
             Was an Elder of Qazlal.
             Mangled by a phantasmal warrior (24 damage)
             ... led by a death knight
             ... on level 12 of the Dungeon on Dec 14, 2017.
             The game lasted 01:07:17 (14433 turns).

Lanoc the Blocker (Formicid Fighter)               Turns: 14433, Time: 01:07:18

Health: -6/104     AC: 14    Str: 31    XL:     13   Next: 85%
Magic:  7/20       EV: 14    Int:  4    God:    Qazlal [****..]
Gold:   850        SH: 19    Dex: 14    Spells: 12/12 levels left

rFire    + + +     SeeInvis +   R - +7 flail of the End of Times {freeze, rPois}
rCold    + + .     Gourm    .   c - +0 shield
rNeg     . . .     Faith    .   v - +0 chain mail "Lujix" {rElec rF++ Str+4 Int-4}
rPois    +         Spirit   .   (helmet unavailable)
rElec    +         Reflect  .   x - scarf {repulsion}
rCorr    +         Harm     .   (no gloves)
MR       .....                  t - +1 pair of boots
Stlth    ..........             (no amulet)
Regen    0.3/turn               (no ring)
MPRegen  0.2/turn               w - ring of protection from cold

@: mighty, resistant, vulnerable, repel missiles
A: permanent stasis, dig shafts and tunnels, four strong arms, antennae 3
a: Dig, Shaft Self, Upheaval, Elemental Force, Renounce Religion


You were on level 12 of the Dungeon.
You worshipped Qazlal.
Qazlal was greatly pleased with you.
You were hungry.

You visited 2 branches of the dungeon, and saw 14 of its levels.
You visited 1 bazaar.

You collected 850 gold pieces.

Inventory:

Hand Weapons
 a - a +0 quarterstaff of draining
 y - a +0 hunting sling
 C - a +2 dire flail of protection
 O - the +6 spear "Xipobre" {pierce, +Fly}
   (You found it on level 13 of the Dungeon)

   It inflicts extra damage upon your enemies.
   It lets you fly.
 R - the +7 flail of the End of Times (weapon) {freeze, rPois}
   (You took it off an orc knight on level 11 of the Dungeon)

   It has been specially enchanted to freeze those struck by it, causing extra
   injury to most foes and up to half again as much damage against particularly
   susceptible opponents.
   It can also slow down cold-blooded creatures.
   It protects you from poison.
Missiles
 s - 50 sling bullets
 B - 147 stones (quivered)
Armour
 c - a +0 shield (worn)
 p - +1 storm dragon scales
 t - a +1 pair of boots (worn)
 v - the +0 chain mail "Lujix" (worn) {rElec rF++ Str+4 Int-4}
   (You found it on level 6 of the Dungeon)

   It affects your strength (+4).
   It affects your intelligence (-4).
   It greatly protects you from fire.
   It insulates you from electricity.
 x - a scarf of repulsion (worn)
 U - a +0 crystal plate armour
Magical Staves
 A - an uncursed staff of power
Jewellery
 w - a ring of protection from cold (right hand)
Wands
 H - a wand of polymorph (3/24)
 L - a wand of iceblast (5/15)
 M - a wand of flame (26/48)
 P - a wand of disintegration (12/24)
 T - a wand of paralysis (13/24)
Scrolls
 b - 2 scrolls of amnesia
 e - 3 scrolls of recharging
 h - a scroll of identify
 l - 6 scrolls of remove curse
 z - 2 scrolls of enchant armour
 K - a scroll of magic mapping
Potions
 d - 4 potions of might
 g - a potion of cancellation
 i - 3 potions of brilliance
 m - 3 potions of flight
 n - 4 potions of agility
 D - 2 potions of magic
 G - a potion of curing
 J - a potion of lignification
 N - 2 potions of resistance
Books
 q - a book of Debilitation

   Spells                             Type                      Level
   a - Corona                         Hexes                        1
   b - Slow                           Hexes                        2
   c - Inner Flame                    Hexes/Fire                   3
   d - Portal Projectile              Hexes/Translocation          3
   e - Cause Fear                     Hexes                        4
   f - Leda's Liquefaction            Hexes/Earth                  4
 r - a book of Battle

   Spells                             Type                      Level
   a - Infusion                       Charms                       1
   b - Shroud of Golubria             Charms/Translocation         2
   c - Song of Slaying                Charms                       2
   d - Spectral Weapon                Hexes/Charms                 3
   e - Regeneration                   Charms/Necromancy            3
 E - a book of Geomancy

   Spells                             Type                      Level
   a - Sandblast                      Earth                        1
   b - Passwall                       Transmutation/Earth          2
   c - Stone Arrow                    Conjuration/Earth            3
   d - Petrify                        Transmutation/Earth          4
   e - Lee's Rapid Deconstruction     Earth                        5
 F - a book of Cantrips

   Spells                             Type                      Level
   a - Confusing Touch                Hexes                        1
   b - Animate Skeleton               Necromancy                   1
   c - Summon Small Mammal            Summoning                    1
   d - Apportation                    Translocation                1
 I - a book of Changes

   Spells                             Type                      Level
   a - Beastly Appendage              Transmutation                1
   b - Sticks to Snakes               Transmutation                2
   c - Spider Form                    Transmutation/Poison         3
   d - Ice Form                       Ice/Transmutation            4
   e - Blade Hands                    Transmutation                5
 Q - a book of Annihilations

   Spells                             Type                      Level
   a - Poison Arrow                   Conjuration/Poison           6
   b - Chain Lightning                Conjuration/Air              8
   c - Lehudib's Crystal Spear        Conjuration/Earth            8
   d - Glaciate                       Conjuration/Ice              9
   e - Fire Storm                     Conjuration/Fire             9
Miscellaneous
 k - a crystal ball of energy
Comestibles
 f - 8 bread rations
 j - 15 royal jellies
 o - 7 fruits
 u - 9 meat rations


   Skills:
 + Level 10.4 Fighting
 + Level 9.6 Staves
 + Level 5.9 Slings
 + Level 10.3 Armour
 + Level 8.2 Dodging
 + Level 11.4 Shields
 + Level 10.3 Invocations


You had 12 spell levels left.
You didn't know any spells.

Dungeon Overview and Level Annotations

Branches:
Dungeon (13/15)            Temple (1/1) D:4            Lair (0/6) D:9
    Orc (0/2) D:11
 Vaults: D:13-14

Altars:
Ashenzari
Cheibriados
Dithmenos
Elyvilon
Fedhas
Gozag
Hepliaklqana
Kikubaaqudgha
Makhleb
Nemelex Xobeh
Okawaru
Qazlal
Ru
Sif Muna
Trog
Uskayaw
Vehumet
Xom
Yredelemnul
Zin
The Shining One

Shops:
D:10 %:}


Innate Abilities, Weirdness & Mutations

You cannot be hasted, slowed, berserked, paralysed or teleported.
You can dig through walls and to a lower floor.
Your four strong arms can wield two-handed weapons with a shield.
You have a pair of large antennae on your head. (SInv)


Message History

You feel very mighty all of a sudden.
The phantasmal warrior closely misses you.
You block the freezing wraith's attack. x2
Okay, then.
You feel protected.
You block the phantasmal warrior's attack.
You block the freezing wraith's attack. The freezing wraith hits you.
* * * LOW HITPOINT WARNING * * *
The freezing wraith drains your vigour!
Your stasis prevents you from being slowed.
You closely miss the phantasmal warrior.
The phantasmal warrior is almost destroyed.
You block the phantasmal warrior's attack.
You block the freezing wraith's attack. The freezing wraith misses you.
All of the chunks of flesh in your inventory have rotted away.
You hit the freezing wraith but do no damage.
The freezing wraith is severely damaged.
You feel less protected from cold. The phantasmal warrior hits you!!
You die...

###...##.# ##.## ##.#.........
#..÷.###.# #.# #........####
#.######.## #.# #..#.#####
#.#####...###.# #.≈#.#
....##.....##[#######.)#.#
....#.....[.#[.....≈.....#
........>...).##§.....≈.#########
............#.##W####............
.....#........##@# #.#.#########
..........<....W.# #.#..........
#......#.######### #.###########
#............# #.# ##.....#.###.#
#.# #...........# #.#
###..##.##..# #.# ## #..##.##..#
#.##########. ####..##.##..#
#............


You could see a phantasmal warrior and a freezing wraith.

Vanquished Creatures
  A hydra (D:11)
  A death knight (D:12)
  A centaur warrior (D:11)
  2 two-headed ogres
  A skeletal warrior (D:12)
  2 unseen horrors
  An orc knight (D:11)
  2 ugly things (D:11)
  2 manticores
  5 cyclopes
  4 centaur skeletons
  A gargoyle (D:11)
  4 trolls
  Grinder (D:3)
  A hornet (D:11)
  7 slime creatures
  3 hippogriffs
  6 yaks
  A water elemental (D:13)
  A wraith (D:11)
  4 hogs (D:7)
  A human (D:7)
  4 vampire mosquitoes (D:12)
  2 water moccasins
  8 orc warriors
  A hornet zombie (D:9)
  3 black bears
  2 sky beasts
  4 ice beasts
  The ghost of p0werm0de the Covered, an amateur DDFi (D:5)
  An eye of draining (D:11)
  2 necrophages
  5 phantoms
  11 ogres
  4 centaurs
  A crocodile (D:9)
  4 big kobolds
  5 bullfrogs
  5 scorpions
  A wyvern skeleton (D:12)
  5 killer bees (D:11)
  9 wights
  An electric eel (D:13)
  4 crimson imps
  8 centaur zombies
  14 hounds
  12 orc wizards
  10 orc priests
  2 gnoll shamans
  4 bullfrog skeletons
  Jessica (D:3)
  3 iguanas
  Terence (D:3)
  9 worker ants
  A killer bee zombie (D:7)
  3 hound skeletons
  2 worker ant zombies
  3 river rats (D:4)
  15 adders
  18 gnolls
  2 howler monkey skeletons
  3 shadow imps
  4 oozes
  2 adder skeletons
  4 worms
  3 dart slugs
  5 leopard geckos
  48 orcs
  8 giant cockroaches
  17 goblins
  5 hobgoblins (D:1)
  17 jackals
  12 kobolds
  6 quokkas
  4 ball pythons
  9 bats
  3 frilled lizards
  A giant cockroach zombie (D:3)
  A leopard gecko skeleton (D:4)
  7 rats
402 creatures vanquished.

Vanquished Creatures (others)
  An orc wizard (D:4)
1 creature vanquished.

Grand Total: 403 creatures vanquished

Notes
Turn   | Place    | Note
-------+----------+-------------------------------------------
     0 | D:1      | Lanoc the Formicid Fighter began the quest for the Orb.
     0 | D:1      | Reached XP level 1. HP: 18/18 MP: 1/1
    93 | D:1      | Reached XP level 2. HP: 18/24 MP: 2/2
   521 | D:1      | Reached XP level 3. HP: 29/29 MP: 3/3
   993 | D:1      | Reached skill level 1 in Dodging
  1177 | D:2      | Reached skill level 4 in Shields
  1218 | D:2      | Reached XP level 4. HP: 37/37 MP: 4/4
  1864 | D:2      | Found a deep blue altar of Sif Muna.
  1935 | D:3      | Reached XP level 5. HP: 24/42 MP: 5/5
  2021 | D:3      | Noticed Terence
  2031 | D:3      | Killed Terence
  2275 | D:3      | Noticed Grinder
  2290 | D:3      | Killed Grinder
  2290 | D:3      | Reached skill level 5 in Shields
  2290 | D:3      | Reached XP level 6. HP: 16/49 MP: 6/6
  2540 | D:3      | Noticed Jessica
  2558 | D:3      | Reached XP level 7. HP: 55/55 MP: 7/7
  2568 | D:3      | Killed Jessica
  2828 | D:4      | Found a white marble altar of Elyvilon.
  2889 | D:4      | Found a staircase to the Ecumenical Temple.
  3101 | D:4      | Found a glowing drain.
  3138 | D:4      | Reached skill level 5 in Fighting
  3321 | D:4      | Found a transporter.
  3322 | D:4      | Found a sacrificial altar of Ru.
  3323 | D:4      | Found a transporter.
  3324 | D:4      | Found a blossoming altar of Fedhas.
  3344 | D:4      | Reached skill level 5 in Armour
  3344 | D:4      | Reached skill level 6 in Shields
  3344 | D:4      | Reached XP level 8. HP: 27/62 MP: 8/8
  3833 | Temple   | Entered the Ecumenical Temple
  4050 | Temple   | Became a worshipper of Qazlal Stormbringer
  4140 | D:4      | Reached skill level 1 in Slings
  4162 | D:4      | Reached skill level 1 in Invocations
  4298 | D:5      | Entered Level 5 of the Dungeon
  4375 | D:5      | Noticed p0werm0de's ghost (amateur DDFi)
  4682 | D:5      | Killed p0werm0de's ghost
  4816 | D:5      | Reached XP level 9. HP: 66/68 MP: 10/10
  5352 | D:5      | Reached * piety under Qazlal
  5382 | D:5      | Reached skill level 5 in Staves
  5562 | D:6      | Reached skill level 7 in Shields
  5602 | D:6      | Got a distressingly furry chain mail
  5613 | D:6      | Identified the +0 chain mail "Lujix" {rElec rF++ Str+4 Int-4} (You found it on level 6 of the Dungeon)
  5757 | D:6      | Found a stormy altar of Qazlal.
  6350 | D:7      | Reached ** piety under Qazlal
  7056 | D:7      | Reached XP level 10. HP: 72/77 MP: 13/13
  7186 | D:7      | Reached skill level 5 in Invocations
  7200 | D:7      | Reached skill level 8 in Shields
  7686 | D:8      | Reached skill level 5 in Dodging
  7962 | D:8      | Found a sparkling altar of Nemelex Xobeh.
  7963 | D:8      | Noticed a cyclops
  7975 | D:8      | Killed a cyclops
  8048 | D:8      | Reached *** piety under Qazlal
  8320 | D:8      | Found a glowing silver altar of Zin.
  9039 | D:9      | Reached skill level 9 in Shields
  9039 | D:9      | Reached XP level 11. HP: 87/87 MP: 14/16
  9046 | D:9      | Found a staircase to the Lair.
  9071 | D:9      | You fall through a shaft for 2 floors!
  9073 | D:11     | Noticed a brown ugly thing
  9085 | D:11     | Killed a brown ugly thing
  9085 | D:11     | Reached XP level 12. HP: 94/94 MP: 17/17
  9137 | D:11     | Reached skill level 10 in Shields
  9488 | D:11     | Found a staircase to the Orcish Mines.
  9596 | D:11     | Found a large runed door.
  9596 | D:11     | Found a large runed door.
  9762 | D:12     | Noticed an unseen horror
  9773 | D:12     | Killed an unseen horror
  9928 | D:12     | Found a flickering gateway to a bazaar.
  9944 | Bazaar   | Entered a bazaar
  9949 | Bazaar   | Found Wizay's Jewellery Shop.
  9953 | Bazaar   | Found Zutas's Antique Armour Shop.
 10076 | D:12     | Reached **** piety under Qazlal
 10109 | D:12     | Noticed a two-headed ogre
 10121 | D:12     | Killed a two-headed ogre
 10709 | D:12     | Noticed a death knight
 10724 | D:12     | Noticed a skeletal warrior
 10770 | D:13     | Got a steaming spear
 10780 | D:13     | Identified the +6 spear "Xipobre" {pierce, +Fly} (You found it on level 13 of the Dungeon)
 10827 | D:13     | Reached XP level 13. HP: 57/103 MP: 19/19
 10946 | D:13     | Reached ***** piety under Qazlal
 11261 | D:13     | Noticed an ettin
 11370 | D:10     | Entered Level 10 of the Dungeon
 11587 | D:10     | Reached skill level 10 in Fighting
 11587 | D:10     | Reached skill level 5 in Slings
 11587 | D:10     | Reached skill level 11 in Shields
 11607 | D:10     | Found Muotu Veuse's Food Boutique.
 11789 | D:10     | Found Wupot's Book Shoppe.
 11801 | D:10     | Found Zupuodop's Gadget Boutique.
 13058 | D:11     | Reached skill level 10 in Armour
 13079 | D:11     | Noticed a seven-headed hydra
 13173 | D:12     | Reached skill level 10 in Invocations
 13749 | D:11     | Noticed a centaur warrior
 13755 | D:11     | Killed a seven-headed hydra
 13771 | D:11     | Killed a centaur warrior
 14006 | D:11     | Found a large runed door.
 14006 | D:11     | Found a large runed door.
 14200 | D:11     | Got an uncursed scorched flail {freeze}
 14205 | D:11     | Identified the +7 flail of the End of Times {freeze, rPois} (You took it off an orc knight on level 11 of the Dungeon)
 14433 | D:12     | Mangled by a phantasmal warrior

Skill      XL: |  1  2  3  4  5  6  7  8  9 10 11 12 13 |
---------------+----------------------------------------+-----
Dodging        | 1 2 3 4 6 7 8 |  8.2
Shields        | 4 5 6 7 9 10 11 | 11.4
Fighting       | 4 5 6 8 9 10 | 10.4
Armour         | 4 5 6 8 9 10 | 10.3
Staves         | 3 4 5 7 8 9 |  9.6
Slings         | 2 3 4 5 |  5.9
Invocations    | 2 4 7 9 10 | 10.3

Action                   |  1- 3 |  4- 6 |  7- 9 | 10-12 | 13-15 || total
-------------------------+-------+-------+-------+-------+-------++-------
Melee: Quarterstaff      |   100 |   134 |   548 |   589 |   486 ||  1857
       Flail             |       |       |       |       |    17 ||    17
 Fire: Hunting sling     |       |       |     7 |       |       ||     7
Invok: Disaster Area     |       |       |       |       |     2 ||     2
 Abil: Dig               |       |       |       |       |     3 ||     3
  Use: Scroll            |     4 |     6 |     6 |     8 |     5 ||    29
       Potion            |       |       |     1 |     2 |     8 ||    11
 Stab: Invisible         |       |       |       |       |     3 ||     3
  Eat: Chunk             |     1 |     4 |    13 |    12 |    10 ||    40
       Fruit             |       |       |     3 |     1 |     3 ||     7
Armor: Scale mail        |     2 |       |       |       |       ||     2
       Plate armour      |    86 |       |       |       |       ||    86
       Storm dragon scal |       |    76 |   176 |       |       ||   252
       Chain mail        |       |       |    20 |   119 |    82 ||   221
Dodge: Dodged            |    30 |    33 |   161 |   153 |   114 ||   491
       Deflected         |       |       |     1 |     7 |     5 ||    13
Block: Shield            |    78 |    66 |   331 |   459 |   435 ||  1369
